 Dungeon Crawl Stone Soup version 0.30-a0-394-g3e4acdb0ae (webtiles) character file.

Game seed: 15751315522209264229

196 ragingrage the Magician (level 5, -3/41 HPs)
             Began as a Mummy Wanderer on Dec 6, 2022.
             Splashed by a jelly's acid (10 damage)
             ... in a sewer.
             The game lasted 00:03:26 (2218 turns).

ragingrage the Magician (Mummy Wanderer)            Turns: 2218, Time: 00:03:26

Health: -3/41      AC:  0    Str: 14    XL:     5   Next: 45%
Magic:  6/11       EV: 10    Int: 14    God:
Gold:   120        SH:  4    Dex: 12    Spells: 9/12 levels left

rFire   . . .      SeeInvis .    g - +0 hand axe
rCold   + . .      Faith    +    e - +0 buckler {AC+3}
rNeg    + + +      Spirit   .    m - +2 robe {rF+}
rPois   ∞          Reflect  .    (no helmet)
rElec   .          Harm     .    k - +0 cloak
rCorr   .          Rampage  .    (no gloves)
Will    .....                    (no boots)
Stlth   +.........               (no amulet)
HPRegen 0.26/turn                (no ring)
MPRegen 0.12/turn                (no ring)

@: corroded
A: cold resistance 1, negative energy resistance 3, torment resistance 2, heat
vulnerability 1, in touch with death 1, no potions, faith
a: no special abilities


You were in a sewer.
You visited 1 branch of the dungeon, and saw 3 of its levels.
You also visited: Sewer.

You collected 120 gold pieces.

Inventory:

Hand Weapons
 g - a +0 hand axe (weapon)
 i - a +0 mace
Missiles
 a - 2 boomerangs
 l - 2 curare-tipped darts
Armour
 e - a +0 buckler of protection (worn)
 j - a scarf of invisibility
 k - a +0 cloak (worn)
 m - a +2 robe of fire resistance (worn)
Scrolls
 b - 2 scrolls of teleportation
 c - a scroll of blinking
 d - a scroll of enchant weapon {unknown}
 f - a scroll of immolation {unknown}
 h - a scroll of torment
 n - a scroll of silence {unknown}


   Skills:
 - Level 3.2 Fighting
 + Level 4.0 Axes
 - Level 1.9 Shields
 - Level 4.0 Spellcasting
 - Level 2.0 Hexes


You had 9 spell levels left.
You knew the following spells:

 Your Spells              Type           Power      Damage    Failure   Level
a - Slow                  Hex            32%        N/A       11%         1
b - Blink                 Tloc           4%         N/A       36%         2

Your spell library contained the following spells:

 Spells                   Type           Power      Damage    Failure   Level
 Dazzling Flash           Conj/Hex       10%        N/A       45%         3
 Manifold Assault         Tloc           2%         N/A       94%         4
 Storm Form               Tmut/Air       Unusable   N/A       N/A         7

Dungeon Overview and Level Annotations

Branches:
Dungeon (3/15)              Sewer (1/1)

Altars:


Innate Abilities, Weirdness & Mutations

You are immune to poison.
Your flesh is cold resistant. (rC+)
You are immune to negative energy. (rN+++)
You are immune to unholy pain and torment.
You are vulnerable to heat. (rF-)
You are in touch with the powers of death.
You do not drink.
You have a special connection with the divine. (Faith)


Message History

You are too injured to fight recklessly!
You are too injured to fight recklessly!
You are too injured to fight recklessly!
You are too injured to fight recklessly!
You are too injured to fight recklessly!
You are too injured to fight recklessly!
You are too injured to fight recklessly!
You are too injured to fight recklessly!
You hit the jelly but do no damage. The acid corrodes you!
Your hands burn!
The jelly is moderately wounded.
The jelly completely misses you.
Aiming: Slow (safe; 11% risk of failure)
Press: ? - help, Q - select action, (/) - cycle Shift-Dir - straight line, f - jelly
Aim: a jelly (moderately wounded, chance to affect: 50%)
The jelly resists with some effort.
The jelly hits you. The acid corrodes you!
You are splashed with acid!
Aiming: Slow (safe; 11% risk of failure)
Press: ? - help, Q - select action, (/) - cycle Shift-Dir - straight line, f/p - jelly
Aim: a jelly (moderately wounded, chance to affect: 50%)
The jelly resists with some effort.
The jelly barely misses you.
Aiming: Slow (safe; 11% risk of failure)
Press: ? - help, Q - select action, (/) - cycle Shift-Dir - straight line, f/p - jelly
Aim: a jelly (moderately wounded, chance to affect: 50%)
The jelly resists with some effort.
The jelly completely misses you.
Aiming: Slow (safe; 11% risk of failure)
Press: ? - help, Q - select action, (/) - cycle Shift-Dir - straight line, f/p - jelly
Aim: a jelly (moderately wounded, chance to affect: 50%)
The jelly resists with some effort.
The jelly hits you.
You are splashed with acid.
* * * LOW HITPOINT WARNING * * *
Aiming: Slow (safe; 11% risk of failure)
Press: ? - help, Q - select action, (/) - cycle Shift-Dir - straight line, f/p - jelly
Aim: a jelly (moderately wounded, chance to affect: 50%)
The jelly resists with some effort.
The jelly hits you.
* * * LOW HITPOINT WARNING * * *
You are splashed with acid!
You die...

##### # ##...# #
#.~.. ## #~~# ###~
####~.## ##..~
##~~.†~~####.~.~
####.~..†.~~##~.~~#
##..~..~###~~..†~~##
#~.@~~~## ##~~~~~##
#~.~.J##~~# ##~~..#
..~...# #~~# .~.~~.#
_.~.~. #~~.#
~~~~..~.# !..~.
##∩~~~.~.~~#~.~#
####~
##~~~.#...##... #
#####..## #.~


You could see a jelly.

Vanquished Creatures
  An orc priest (D:2)
  An orc wizard (D:2)
  5 adders
  3 worms
  2 dart slugs
  4 orcs (D:2)
  5 ball pythons
  12 endoplasms
  9 giant cockroaches
  5 goblins
  4 hobgoblins
  4 jackals (D:3)
  3 quokkas
  4 bats
  2 frilled lizards (Sewer)
  3 kobolds
  7 rats
74 creatures vanquished.

Vanquished Creatures (others)
  3 plants (D:1)
3 creatures vanquished.

Grand Total: 77 creatures vanquished

Notes
Turn   | Place    | Note
-------+----------+-------------------------------------------
     0 | D:1      | ragingrage the Mummy Wanderer began the quest for the Orb.
     0 | D:1      | ragingrage set off with the following items: a +0 club, a
                  | scroll of teleportation, a scroll of blinking, a +0 robe, a
                  | +0 buckler of protection; and the following spell
                  | memorised: Slow; and the following spells available to
                  | memorise: Dazzling Flash.
     0 | D:1      | Reached XP level 1. HP: 18/18 MP: 5/5
   173 | D:1      | Reached XP level 2. HP: 22/24 MP: 7/7
   381 | D:1      | Reached skill level 1 in Axes
   617 | D:1      | Gained mutation: You are in touch with the powers of death.
                  | [Mummy growth]
   617 | D:1      | Reached XP level 3. HP: 23/29 MP: 6/8
  1347 | D:2      | Reached XP level 4. HP: 24/35 MP: 6/10
  1739 | D:2      | Reached XP level 5. HP: 38/41 MP: 11/11
  1903 | D:3      | Learned a level 2 spell: Blink
  1983 | D:3      | Found a glowing drain.
  2006 | Sewer    | Entered a sewer
  2209 | Sewer    | Found a viscous altar of Jiyva.
  2218 | Sewer    | Splashed by a jelly's acid

Illustrated notes

Levels and vault maps discovered:
D:1:      lightli_iron_boxes, layout_basic, serial_bayou_lagoon_a,
          kennysheep_pointless_box, reono_crystal_passage
D:2:      cheibrodos_pilgrimage, layout_loops_ring, minmay_parallelograms
D:3:      layout_basic, nicolae_overflow_two_pavilions,
          cheibrodos_sewer_entry_sluice, hangedman_abyss_or_decor_lesser_grid,
          corexii_item_surrounded_by_moat
Sewer:    sewer_hellmonk_slimy_pipes

Skill      XL: |  1  2  3  4  5 |
---------------+----------------+-----
Hexes          | 2 |  2.0
Axes           | 1 2 3 4 |  4.0
Fighting       | |  3.2
Shields        | |  1.9
Spellcasting   | |  4.0

Action                   |  1- 3 |  4- 6 || total
-------------------------+-------+-------++-------
Melee: Club              |    44 |       ||    44
       Hand axe          |   119 |   173 ||   292
 Cast: Slow              |    25 |    10 ||    35
  Use: Scroll            |       |     1 ||     1
 Stab: Sleeping          |     2 |       ||     2
Armor: Robe              |    50 |    54 ||   104
Dodge: Dodged            |    71 |    85 ||   156
Block: Buckler           |    33 |    32 ||    65

Table legend: (Time is in decaauts)
 A = Elapsed time spent in this place.
 B = Non-inter-level travel time spent in this place.
 C = Inter-level travel time spent in this place.
 D = Time resting spent in this place.
 E = Time spent auto-exploring this place.
 F = Levels seen in this place.
 G = Mean time per level.
                   A        B        C        D        E       F      G
               +--------+--------+--------+--------+--------+-----+--------+
         Total |   2312 |   2227 |     85 |    161 |   1234 |   4 |  578.0 |
       Dungeon |   2080 |   1995 |     85 |    157 |   1147 |   3 |  693.3 |
         Sewer |    231 |    231 |      0 |      4 |     87 |   1 |  231.0 |
               +--------+--------+--------+--------+--------+-----+--------+

Top non-repeatable levels by time:
     D:2: 984 daAuts
     D:1: 983 daAuts
   Sewer: 231 daAuts
     D:3: 113 daAuts
